 Dungeon Crawl Stone Soup version 0.26-a0-542-gbaa144ba5c (webtiles) character file.

Game seed: 5896420266874672614

10 Ge0ff the Sneak (level 2, -1/26 HPs)
             Began as a Draconian Delver on Aug 17, 2020.
             Slain by a gnoll
             ... wielding a +0 spear
              (5 damage)
             ... on level 2 of the Dungeon.
             The game lasted 00:01:51 (323 turns).

Ge0ff the Sneak (Draconian Delver)                   Turns: 323, Time: 00:01:51

Health: -1/26      AC:  4    Str: 14    XL:     2   Next: 10%
Magic:  2/2        EV: 12    Int: 10    God:
Gold:   18         SH:  0    Dex: 12    Spells: 1/1 levels left

rFire    . . .     SeeInvis .   a - +0 mace
rCold    + . .     Faith    .   (no shield)
rNeg     . . .     Spirit   .   (armour unavailable)
rPois    .         Reflect  .   (helmet restricted)
rElec    .         Harm     .   (no cloak)
rCorr    .                      (no gloves)
MR       .....                  (no boots)
Stlth    +++.......             (no amulet)
HPRegen  0.08/turn              I - ring of protection from cold
MPRegen  0.08/turn              (no ring)

@: no status effects
A: unfitting armour, cold-blooded, AC +4
a: no special abilities


You were on level 2 of the Dungeon.
You visited 1 branch of the dungeon, and saw 4 of its levels.

You collected 18 gold pieces.

Inventory:

Hand Weapons
 a - a +0 mace (weapon)
Missiles
 J - 3 boomerangs (quivered)
 L - 31 stones
Jewellery
 I - a ring of protection from cold (left hand)
Wands
 d - a wand of digging (3)
Scrolls
 m - a scroll of magic mapping
 E - a scroll of fear
 F - a scroll of fog
Potions
 H - a potion of haste {!q}
 K - a potion of curing {unknown}


   Skills:
 - Level 3.2 Fighting
 + Level 2.8 Maces & Flails
 - Level 1.7 Dodging
 - Level 4.5 Stealth


You had one spell level left.
You didn't know any spells.
Your spell library was empty.

Dungeon Overview and Level Annotations

Branches:
Dungeon (5/15)
 Temple: D:4-7

Altars:


Innate Abilities, Weirdness & Mutations

Your plain brown scales are hard. (AC +4)
You cannot fit into any form of body armour.
You are cold-blooded and may be slowed by cold attacks.


Message History

You kill the goblin! 3 gnolls come into view.
A gnoll is wielding a +2 whip of draining.
The gnoll shouts! x2
Found 2 white potions.
You see here a giant cockroach corpse.
The gnoll hits you from afar with a +0 spear.
The gnoll barely misses you.
You hit the gnoll.
The gnoll is lightly wounded.
The gnoll hits you with a +0 spear!
You barely miss the gnoll.
The gnoll is lightly wounded.
The gnoll barely misses you.
You hit the gnoll.
The gnoll is moderately wounded.
The gnoll hits you with a +0 spear!
* * * LOW HITPOINT WARNING * * *
The gnoll hits you with a +0 spear.
You die...

########.# #.#
#.# #.#
####.###
#......#
#......#
#..g...#
#.@....#
..#####......#
.............#
#######..[...#
#......#
#>.....#
########


You could see a gnoll.

Vanquished Creatures
  A worm (D:4)
  A bat (D:2)
  A giant cockroach (D:2)
  2 goblins
  A kobold (D:2)
6 creatures vanquished.

Notes
Turn   | Place    | Note
-------+----------+-------------------------------------------
     0 | D:5      | Ge0ff the Draconian Delver began the quest for the Orb.
     0 | D:5      | Reached XP level 1. HP: 19/19 MP: 1/1
    24 | D:5      | Noticed a centaur
   270 | D:2      | Reached XP level 2. HP: 26/26 MP: 2/2
   323 | D:2      | Slain by a gnoll

Illustrated notes

Levels and vault maps discovered:
D:2:      layout_rooms, chequers_serial_rivers_micro_a
D:3:      layout_basic
D:4:      layout_loops_cross, minmay_temple_entry_ruins
D:5:      layout_loops_ring

Action                   || total
-------------------------++-------
Melee: Mace              ||    13
       Tailslap          ||     3
Throw: Boomerang         ||     4
 Stab: Sleeping          ||     1
Armor: Skin              ||     4
Dodge: Dodged            ||     7

Table legend: (Time is in decaauts)
 A = Elapsed time spent in this place.
 B = Non-inter-level travel time spent in this place.
 C = Inter-level travel time spent in this place.
 D = Time resting spent in this place.
 E = Time spent auto-exploring this place.
 F = Levels seen in this place.
 G = Mean time per level.
                   A        B        C        D        E       F      G
               +--------+--------+--------+--------+--------+-----+--------+
         Total |    327 |    327 |      0 |    121 |      0 |   4 |   81.8 |
       Dungeon |    327 |    327 |      0 |    121 |      0 |   4 |   81.8 |
               +--------+--------+--------+--------+--------+-----+--------+

Top non-repeatable levels by time:
     D:3: 141 daAuts
     D:2: 105 daAuts
     D:4: 53 daAuts
     D:5: 27 daAuts
